 Dungeon Crawl Stone Soup version 0.30-a0-321-gf7783e6616 (webtiles) character file.

Game seed: 9221842799220245867

5352 Bnni the Cleaver (level 10, 0/85 HPs)
             Began as a Formicid Fighter on Oct 26, 2022.
             Was an Elder of Okawaru.
             Killed by vampiric draining
             ... invoked by a vampire
              (6 damage)
             ... on level 8 of the Dungeon.
             The game lasted 00:10:20 (7849 turns).

Bnni the Cleaver (Formicid Fighter)                 Turns: 7849, Time: 00:10:20

Health: 0/85       AC: 16    Str: 24    XL:     10   Next: 97%
Magic:  8/10       EV:  8    Int:  9    God:    Okawaru [****..]
Gold:   685        SH:  6    Dex: 13    Spells: 9/9 levels left

rFire   . . .      SeeInvis +    I - +2 battleaxe
rCold   . . .      Faith    .    c - +0 buckler
rNeg    + . .      Spirit   .    k - +0 plate armour
rPois   .          Reflect  .    (helmet unavailable)
rElec   .          Harm     .    l - +0 cloak
rCorr   .          Rampage  .    (no gloves)
Will    ++...                    g - +0 pair of boots
Stlth   ..........               F - amulet of the acrobat
HPRegen 0.34/turn                A - ring of willpower
MPRegen 0.12/turn                d - ring of positive energy

@: heroic, marked
A: permanent stasis, dig shafts and tunnels, antennae 3, four strong arms
a: Dig, Shaft Self, Renounce Religion, Heroism, Finesse


You were on level 8 of the Dungeon.
You worshipped Okawaru.
Okawaru was greatly pleased with you.
You visited 2 branches of the dungeon, and saw 10 of its levels.

You collected 685 gold pieces.

Inventory:

Hand Weapons
 I - a +2 battleaxe (weapon)
 M - a +3 scimitar of flaming
Missiles
 e - 3 poisoned darts
 i - 8 boomerangs
 r - 2 throwing nets
Armour
 c - a +0 buckler (worn)
 g - a +0 pair of boots (worn)
 k - a +0 plate armour (worn)
 l - a +0 cloak (worn)
Jewellery
 d - a ring of positive energy (right hand)
 A - a ring of willpower (left hand)
 F - an amulet of the acrobat (around neck)
Wands
 n - a wand of roots (5)
 H - a wand of flame (1)
Scrolls
 f - 2 scrolls of summoning {unknown}
 m - 2 scrolls of magic mapping {unknown}
 q - 5 scrolls of blinking {unknown}
 s - 2 scrolls of butterflies {unknown}
 u - a scroll of fear {unknown}
 w - 5 scrolls of teleportation {unknown}
 y - 3 scrolls of poison {unknown}
 z - a scroll of brand weapon {unknown}
 B - 3 scrolls of silence {unknown}
 C - 4 scrolls of enchant armour {unknown}
 K - a scroll of immolation {unknown}
 L - a scroll of amnesia {unknown}
Potions
 h - 2 potions of resistance
 p - a potion of flight
 t - 3 potions of mutation {unknown}
 v - 3 potions of degeneration {unknown}
 x - 2 potions of berserk rage {unknown}
 D - 2 potions of cancellation {unknown}
 E - 3 potions of invisibility {unknown}
 G - 3 potions of brilliance {unknown}
 J - a potion of attraction {unknown}


   Skills:
 + Level 10.2(15.2) Fighting
 * Level 12.6(17.6) Axes
 - Level 3.2(8.2) Armour
 - Level 5.0(10.0) Shields


You had 9 spell levels left.
You didn't know any spells.
Your spell library contained the following spells:

 Spells                   Type           Power      Damage    Failure   Level
 Freeze                   Ice            0%         1d3       99%         1
 Scorch                   Fire           0%         2d5       100%        2
 Dazzling Flash           Conj/Hex       0%         N/A       100%        3
 Frozen Ramparts          Ice            0%         1d1       100%        3
 Hailstorm                Conj/Ice       0%         3d3       100%        3
 Flame Wave               Conj/Fire      0%         2d4       100%        4
 Iskenderun's Mystic Bla  Conj/Tloc      0%         2d3       100%        4
 Starburst                Conj/Fire      0%         6d3       100%        6
 Summon Cactus Giant      Summ           Unusable   N/A       N/A         6

Dungeon Overview and Level Annotations

Branches:
Dungeon (9/15)             Temple (1/1) D:4            Lair (0/5) D:9
    Orc: D:9-12

Altars:
Ashenzari
Cheibriados
Dithmenos
Fedhas
Gozag
Hepliaklqana
Kikubaaqudgha
Makhleb
Okawaru
Qazlal
Ru
Trog
Uskayaw
Vehumet
Wu Jian
Xom
Zin
The Shining One

Shops:
D:3 (   D:5 *

Annotations:
D:9 Erolcha, Maurice


Innate Abilities, Weirdness & Mutations

You cannot be hasted, slowed, berserked, paralysed or teleported.
You can dig through walls and to a lower floor.
You have a pair of large antennae on your head. (SInv)
Your four strong arms can wield two-handed weapons with a shield.


Message History

* * * LOW HITPOINT WARNING * * *
The vampire bites you but does no damage.
The killer bee barely misses you. The killer bee completely misses you.
You climb upwards.
You feel sick.
There is a stone staircase leading down here.
You feel better. The killer bee stings you.
* * * LOW HITPOINT WARNING * * *
The killer bee stings you but does no damage.
You block the vampire's attack.
The vampire bites you but does no damage.
The killer bee barely misses you. The killer bee closely misses you.
You hit the vampire but do no damage.
The vampire is heavily damaged.
You miss the killer bee. You closely miss the killer bee.
The killer bee barely misses you. x2; The vampire closely misses you.
The vampire bites you but does no damage.
You block the killer bee's attack. The killer bee stings you.
* * * LOW HITPOINT WARNING * * *
You gain the combat prowess of a mighty hero.
The killer bee stings you but does no damage.
The killer bee barely misses you. You block the vampire's attack.
The vampire bites you but does no damage.
The killer bee barely misses you. The killer bee stings you.
* * * LOW HITPOINT WARNING * * *
Okay, then.
You closely miss the vampire.
The vampire is heavily damaged.
You miss the killer bee. You barely miss the killer bee.
You block the killer bee's attack. The killer bee completely misses you.
The vampire hits you but does no damage.
The vampire completely misses you. The killer bee barely misses you. x2
Unknown command.
You slice the killer bee!!
You kill the killer bee!
Okawaru accepts your kill.
You slash the killer bee!
You kill the killer bee!
Okawaru accepts your kill.
You closely miss the vampire. The vampire draws life force from you.
You die...

#..........#
#######....#....)#
#..........#.....#
#.#####....#.....#
###.#####....#.....#
#.....#...)..+.....#
#....[......##.....#
#...........########
#..@........########
#..V................
#.....#####.........
#...### #.........
#...# #.........
#...# #.........
#...# ###.........
#...#####.......####
#####...........#


You could see a vampire (invisible).

Vanquished Creatures
  Erica (D:8)
  The ghost of Caerun the Magician, a novice DjHW of Makhleb (D:7)
  Sigmund (D:6)
  A wyvern (D:5)
  Duvessa (D:7)
  A water moccasin (D:6)
  2 ice beasts
  An orc warrior (D:8)
  3 black bears
  An ogre (D:8)
  2 centaurs
  2 phantoms
  2 kobold brigands
  Blork the orc (D:4)
  A necrophage (D:6)
  3 scorpions
  16 wights
  Dowan (D:7)
  15 killer bees
  3 howler monkeys
  A crimson imp (D:6)
  A hound (D:5)
  A gnoll bouda (D:7)
  5 jellies
  2 orc priests (D:8)
  3 iguanas
  3 orc wizards (D:8)
  9 gnolls
  4 adders
  A shadow imp (D:5)
  2 white imps
  2 ufetubi
  A worm (D:2)
  4 dart slugs
  37 orcs
  4 ball pythons
  8 endoplasms
  5 giant cockroaches
  7 hobgoblins
  2 quokkas (D:2)
  4 bats
  A frilled lizard (D:2)
  7 goblins
  16 kobolds
  3 rats
192 creatures vanquished.

Notes
Turn   | Place    | Note
-------+----------+-------------------------------------------
     0 | D:1      | Bnni the Formicid Fighter began the quest for the Orb.
     0 | D:1      | Reached XP level 1. HP: 18/18 MP: 1/1
   264 | D:1      | Reached XP level 2. HP: 24/24 MP: 2/2
   828 | D:2      | Reached XP level 3. HP: 29/29 MP: 3/3
   880 | D:2      | You fall into a shaft and drop 2 floors!
   902 | D:4      | Reached skill level 3 in Axes
   902 | D:4      | Reached XP level 4. HP: 35/37 MP: 4/4
   962 | D:4      | Found a staircase to the Ecumenical Temple.
   965 | D:4      | Noticed a black bear
   976 | D:4      | Killed a black bear
   977 | D:4      | Reached skill level 4 in Axes
   977 | D:4      | Reached skill level 5 in Shields
   977 | D:4      | Reached XP level 5. HP: 31/42 MP: 5/5
   979 | Temple   | Entered the Ecumenical Temple
   988 | Temple   | Became a worshipper of Warmaster Okawaru
  1045 | D:4      | Found an opulent altar of Gozag.
  1190 | D:4      | Noticed Blork the orc
  1195 | D:4      | Killed Blork the orc
  1196 | D:4      | Reached XP level 6. HP: 37/49 MP: 6/6
  1214 | D:4      | Reached skill level 5 in Axes
  1971 | D:3      | Found a faded altar of an unknown god.
  2054 | D:3      | Found Ygatwazi's Antique Weapon Shop.
  2185 | D:3      | Identified the +6 dagger of the Mind {venom, rC++}
  2259 | D:3      | Reached skill level 5 in Fighting
  2827 | D:2      | Reached XP level 7. HP: 50/52 MP: 7/7
  3249 | D:5      | Entered Level 5 of the Dungeon
  3370 | D:5      | Reached skill level 6 in Axes
  3589 | D:5      | Found a bloodstained altar of Trog.
  3666 | D:5      | Found Pobby's Gadget Gallery.
  3673 | D:5      | Reached * piety under Okawaru
  3674 | D:5      | Reached XP level 8. HP: 63/64 MP: 8/8
  3722 | D:5      | Noticed a wyvern
  3728 | D:5      | Killed a wyvern
  3729 | D:5      | Reached skill level 7 in Axes
  4300 | D:6      | Reached skill level 8 in Axes
  4326 | D:6      | HP: 2/67 [killer bee (5)]
  4662 | D:6      | Reached XP level 9. HP: 67/72 MP: 9/9
  4694 | D:6      | Noticed Sigmund
  4705 | D:6      | Killed Sigmund
  4705 | D:6      | Reached ** piety under Okawaru
  4706 | D:6      | Reached skill level 9 in Axes
  5336 | D:6      | Found a burning altar of Makhleb.
  5336 | D:6      | Found a radiant altar of Vehumet.
  5456 | D:6      | Found a stormy altar of Qazlal.
  5462 | D:6      | Found a shimmering altar of Xom.
  5465 | D:6      | Found a hide-covered altar of Uskayaw.
  5579 | D:6      | Reached skill level 10 in Axes
  5742 | D:7      | Found a runed translucent door.
  5745 | D:7      | Noticed Caerun's ghost (novice DjHW)
  5763 | D:7      | Noticed Duvessa
  5769 | D:7      | Noticed Dowan
  5775 | D:7      | Killed Caerun's ghost
  5775 | D:7      | Reached *** piety under Okawaru
  5776 | D:7      | Reached XP level 10. HP: 58/82 MP: 7/10
  5777 | D:7      | Killed Duvessa
  5787 | D:7      | Killed Dowan
  5792 | D:7      | Reached skill level 11 in Axes
  6082 | D:7      | Reached **** piety under Okawaru
  6956 | D:8      | Reached skill level 12 in Axes
  7418 | D:8      | Noticed Erica
  7428 | D:8      | Killed Erica
  7429 | D:8      | Reached skill level 10 in Fighting
  7820 | D:9      | Noticed Maurice
  7823 | D:9      | Found a staircase to the Lair.
  7840 | D:9      | Noticed Erolcha
  7849 | D:8      | Killed from afar by a vampire

Illustrated notes

Levels and vault maps discovered:
D:1:      minmay_arrival_open_corners, layout_basic
D:2:      layout_loops_ring, minmay_worlds_worst_comb
D:3:      layout_basic, serial_shops, nicolae_shop_hallway_stairs,
          hellmonk_ecumenical_altar_slurped_away, chequers_avenue
D:4:      layout_loops_ring, grunt_gozag_statues, minmay_temple_entry_mist,
          uniq_blork_the_orc
D:5:      layout_cave_pods, lemuel_tele_altar, nicolae_shop_gadgets
D:6:      layout_basic, grunt_temple_overflow_lords_of_destruction, minitemple,
          uniq_sigmund
D:7:      layout_loops_ring, hellmonk_ghost_happy_afterlife, uniq_duvessa
D:8:      layout_basic, special_room [special_room_orc],
          kennysheep_pointless_box, uniq_erica
D:9:      layout_loops_ring, dpeg_oklobed_lair, uniq_amaemon, uniq_erolcha,
          uniq_maurice
Temple:   nicolae_temple_ecumenical_triangle

Skill      XL: |  1  2  3  4  5  6  7  8  9 10 |
---------------+-------------------------------+-----
Axes           | 3 4 5 6 8 10 12 | 12.6
Fighting       | 4 5 7 8 10 | 10.2
Shields        | 5 |  5.0
Armour         | |  3.2

Action                   |  1- 3 |  4- 6 |  7- 9 | 10-12 || total
-------------------------+-------+-------+-------+-------++-------
Melee: War axe           |    42 |   136 |   208 |       ||   386
       Battleaxe         |       |       |    15 |   148 ||   163
Throw: Dart              |       |       |     2 |     1 ||     3
       Throwing net      |       |       |     1 |     1 ||     2
Invok: Heroism           |       |       |     5 |     4 ||     9
 Abil: Dig               |       |       |       |     2 ||     2
  Use: Scroll            |       |       |     6 |       ||     6
       Potion            |       |       |     5 |     3 ||     8
Armor: Scale mail        |     7 |       |       |       ||     7
       Plate armour      |    20 |   101 |   145 |   124 ||   390
       Chain mail        |     1 |       |       |       ||     1
Dodge: Dodged            |    18 |    47 |    76 |   101 ||   242
Block: Buckler           |     8 |    33 |    49 |    54 ||   144

Table legend: (Time is in decaauts)
 A = Elapsed time spent in this place.
 B = Non-inter-level travel time spent in this place.
 C = Inter-level travel time spent in this place.
 D = Time resting spent in this place.
 E = Time spent auto-exploring this place.
 F = Levels seen in this place.
 G = Mean time per level.
                   A        B        C        D        E       F      G
               +--------+--------+--------+--------+--------+-----+--------+
         Total |   7949 |   7658 |    291 |    395 |   5896 |  10 |  794.9 |
       Dungeon |   7934 |   7643 |    291 |    395 |   5896 |   9 |  881.6 |
        Temple |     14 |     14 |      0 |      0 |      0 |   1 |   14.0 |
               +--------+--------+--------+--------+--------+-----+--------+

Top non-repeatable levels by time:
     D:6: 1237 daAuts
     D:5: 1226 daAuts
     D:7: 1089 daAuts
     D:8: 1058 daAuts
     D:3: 984 daAuts
     D:1: 815 daAuts
     D:4: 756 daAuts
     D:2: 744 daAuts
     D:9: 22 daAuts
  Temple: 14 daAuts
